 Dungeon Crawl Stone Soup version 0.29.0-10-g45618ea6d2 (webtiles) character file.

Game seed: 6164159667731365843

13050 smilodon the Carver (level 11, -11/87 HPs)
             Began as a Demonspawn Gladiator on Sept 1, 2022.
             Was a Believer of Makhleb.
             Mangled by a two-headed ogre
             ... wielding a +0 giant club
              (18 damage)
             ... on level 10 of the Dungeon on Sept 2, 2022.
             The game lasted 00:32:06 (12971 turns).

smilodon the Carver (Demonspawn Gladiator)         Turns: 12971, Time: 00:32:06

Health: -11/87     AC: 15    Str: 19    XL:     11   Next: 70%
Magic:  10/10      EV:  6    Int: 16    God:    Makhleb [**....]
Gold:   960        SH:  6    Dex: 14    Spells: 10/10 levels left

rFire   . . .      SeeInvis +   a - +1 long sword (vorpal)
rCold   . . .      Faith    .   (no shield)
rNeg    . . .      Spirit   .   R - +0 plate armour {Will+}
rPois   +          Reflect  .   (helmet restricted)
rElec   .          Harm     .   T - scarf {shadows}
rCorr   .          Rampage  .   O - +0 pair of gloves
Will    +....                   h - +1 pair of boots
Stlth   ..........              (no amulet)
HPRegen 0.24/turn               L - ring of poison resistance
MPRegen 0.12/turn               x - +6 ring of intelligence

@: no status effects
A: large bone plates 2, foul stench 3, spiny 1, demonic touch 2, antennae 1, see
invisible, low MP 1
a: Renounce Religion, Minor Destruction


You were on level 10 of the Dungeon.
You worshipped Makhleb.
Makhleb was pleased with you.
You visited 2 branches of the dungeon, and saw 11 of its levels.
You also visited: Sewer.

You collected 960 gold pieces.

Inventory:

Hand Weapons
 a - a +1 vorpal long sword (weapon)
 l - a +0 sling
 p - a +2 vorpal spear
 u - a +0 flail of protection
 C - the +8 quarterstaff of Precise Incision {antimagic, rElec rF+++ Str-4 Dex+3}
   (You found it on level 9 of the Dungeon)

   It reduces the magical energy of the wielder, and disrupts the spells and
   magical abilities of those it strikes.
   Natural abilities and divine invocations are not affected.
   Str:       It affects your strength (-4).
   Dex:       It affects your dexterity (+3).
   rF:        It renders you almost immune to fire.
   rElec:     It insulates you from electricity.
 E - a +3 dagger of electrocution
 I - a +0 short sword of speed
Missiles
 d - 3 throwing nets (quivered)
 e - a javelin
 r - 119 stones
 y - 14 boomerangs
 F - 37 poisoned darts
Armour
 b - a +0 leather armour
 c - a +0 helmet
 h - a +1 pair of boots (worn)
 j - a +0 leather armour of willpower
 s - a +2 leather armour of willpower
 H - a +0 cloak
 O - a +0 pair of gloves (worn)
 R - a +0 plate armour of willpower (worn)
 T - a scarf of shadows (worn)
Jewellery
 k - a ring of fire
 x - a +6 ring of intelligence (right hand)
 J - a ring of magical power
 K - a ring of wizardry
 L - a ring of poison resistance (left hand)
Wands
 o - a wand of polymorph (14)
 z - a wand of acid (10)
 B - a wand of digging (6)
 S - a wand of paralysis (5)
Scrolls
 f - a scroll of immolation
 g - 2 scrolls of vulnerability
 n - a scroll of fog
 t - 2 scrolls of summoning
 w - 2 scrolls of enchant armour
 D - a scroll of identify
 N - a scroll of poison
 P - a scroll of amnesia
 U - a scroll of magic mapping
Potions
 i - 3 potions of brilliance
 m - 4 potions of resistance
 v - 2 potions of cancellation
 A - a potion of mutation
 G - 2 potions of might
 M - a potion of ambrosia
 Q - 4 potions of curing


   Skills:
 + Level 8.4(4.4) Fighting
 + Level 11.3(7.3) Long Blades
 - Level 2.0(1.0) Throwing
 + Level 8.1(4.1) Armour
 + Level 6.2(3.1) Dodging
 - Level 3.4(1.7) Stealth
 + Level 4.1(2.0) Shields
 * Level 1.0(0.5) Invocations
 + Level 0.2(0.1) Evocations


You had 10 spell levels left.
You didn't know any spells.
Your spell library contained the following spells:

 Spells                   Type           Power      Damage    Failure   Level
 Magic Dart               Conj           0%         1d3       100%        1
 Blink                    Tloc           0%         N/A       100%        2
 Call Imp                 Summ           0%         N/A       100%        2
 Dazzling Flash           Conj/Hex       0%         N/A       100%        3
 Lesser Beckoning         Tloc           0%         N/A       100%        3
 Mephitic Cloud           Conj/Pois/Air  0%         N/A       100%        3
 Tukima's Dance           Hex            0%         N/A       100%        3
 Iskenderun's Mystic Bla  Conj/Tloc      0%         2d3       100%        4
 Passage of Golubria      Tloc           0%         N/A       100%        4
 Manifold Assault         Tloc           0%         N/A       100%        5
 Yara's Violent Unravell  Hex/Tmut       0%         3d3       100%        5
 Starburst                Conj/Fire      0%         6d3       100%        6


Dungeon Overview and Level Annotations

Branches:
Dungeon (10/15)            Temple (1/1) D:4            Lair (0/5) D:8
    Orc (0/2) D:9           Sewer (visited)

Altars:
Ashenzari
Cheibriados
Dithmenos
Fedhas
Gozag
Hepliaklqana
Kikubaaqudgha
Makhleb
Nemelex Xobeh
Okawaru
Qazlal
Ru
Sif Muna
Trog
Uskayaw
Vehumet
Wu Jian
Xom
Yredelemnul

Shops:
D:3 (

Annotations:
D:7 3 runed translucent doors, Vadun's ghost, amateur DsFi; azobrab's ghost, novice MeFi; flotson's ghost, novice DsDe


Innate Abilities, Weirdness & Mutations

You are mostly covered in large bone plates. (SH +6)
You frequently emit foul miasma when damaged in melee.
You are partially covered in sharp spines.
Your touch may inflict irresistible damage on your foes.
You have a pair of small antennae on your head.
You have supernaturally acute eyesight. (SInv)
Your magical capacity is low. (-10% MP)


Message History

The two-headed ogre is struck by your spines.
The two-headed ogre barely misses you. You block the two-headed ogre's attack.
You block the killer bee's attack.
The two-headed ogre attacks as you move away!
The two-headed ogre is struck by your spines.
The two-headed ogre hits you with a +0 giant club!!
The two-headed ogre hits you with a +0 giant club!
* * * LOW HITPOINT WARNING * * *
The killer bee buzzes angrily.
You block the killer bee's attack.
Okay, then.
You feel much better. The killer bee barely misses you.
You hit the two-headed ogre.
The two-headed ogre is heavily wounded.
You closely miss the two-headed ogre.
The two-headed ogre is heavily wounded.
The two-headed ogre hits you with a +0 giant club!!
* * * LOW HITPOINT WARNING * * *
You block the two-headed ogre's attack.
You feel much better.
The two-headed ogre is struck by your spines.
The two-headed ogre hits you with a +0 giant club!!
* * * LOW HITPOINT WARNING * * *
You block the two-headed ogre's attack.
Okay, then.
Aiming: Corrosive Bolt
Press: ? - help, Shift-Dir - straight line, f - two-headed ogre
Aim: a two-headed ogre, wielding two +0 giant clubs (heavily wounded, 86% to hit)
The bolt of acid hits the two-headed ogre!
The acid corrodes the two-headed ogre!
The two-headed ogre is severely wounded.
The bolt of acid hits the killer bee!
The killer bee is severely wounded.
The bolt of acid hits the killer bee!
The killer bee is almost dead.
The two-headed ogre attacks as you move away!
The two-headed ogre is struck by your spines.
The two-headed ogre barely misses you.
The two-headed ogre hits you with a +0 giant club!!
You die...

#.'.[.......+
###.........#
###'####### #..#
##'###### #####'
#.......# ......
#####.#.##### ......
#.....#.'.†.##y.....
#.#.###.###)@Oyy....
... #.# ####y.....
### #.# ...... ..#
...... ### ##'### .#
.


You could see a two-headed ogre (corroded) and 4 killer bees.

Vanquished Creatures
  A centaur warrior (D:9)
  2 two-headed ogres (D:9)
  Pikel (D:7)
  A cyclops (D:9)
  Maurice (D:10)
  A kobold demonologist (D:9)
  2 trolls (D:9)
  Prince Ribbit (D:6)
  2 shadows (D:9)
  Sigmund (D:6)
  2 wyverns (D:9)
  15 yaks
  Grum (D:10)
  Eustachio (D:4)
  A steam dragon (D:8)
  Edmund (D:6)
  2 water moccasins
  Duvessa (D:7)
  A swamp drake (D:9)
  7 orc warriors
  2 black bears
  3 ice beasts
  3 wolves (D:10)
  2 ogres (D:9)
  3 centaurs
  6 kobold brigands
  2 necrophages
  4 bullfrogs
  5 scorpions
  4 wights (D:7)
  Dowan (D:7)
  24 killer bees
  A vampire bat (D:3)
  A howler monkey (D:4)
  2 jellies
  5 hounds
  8 orc priests
  A gnoll bouda (D:7)
  2 iguanas (D:5)
  14 orc wizards
  5 gnolls (D:7)
  8 adders
  A white imp (D:6)
  2 worms (D:4)
  6 dart slugs
  3 fire bats (D:3)
  51 orcs
  2 spectral bats (D:3)
  10 ball pythons
  3 bat skeletons (D:3)
  A bat zombie (D:3)
  7 endoplasms
  7 goblins
  6 hobgoblins
  4 jackals (D:3)
  2 quokkas
  17 bats
  A bat simulacrum (D:3)
  6 frilled lizards
  25 kobolds
  6 rats
311 creatures vanquished.

Vanquished Creatures (others)
  8 fungi (D:9)
  A plant (Sewer)
9 creatures vanquished.

Grand Total: 320 creatures vanquished

Notes
Turn   | Place    | Note
-------+----------+-------------------------------------------
     0 | D:1      | smilodon the Demonspawn Gladiator began the quest for the
                  | Orb.
     0 | D:1      | Reached XP level 1. HP: 16/16 MP: 1/1
   433 | D:1      | Found a faded altar of an unknown god.
   775 | D:2      | Gained mutation: Your touch may inflict minor irresistible
                  | damage on your foes. [demonic ancestry]
   775 | D:2      | Reached XP level 2. HP: 20/22 MP: 2/2
   823 | D:2      | Reached skill level 3 in Long Blades
  1096 | D:2      | Gained mutation: You may rarely emit foul miasma when
                  | damaged in melee. [demonic ancestry]
  1096 | D:2      | Reached XP level 3. HP: 27/27 MP: 3/3
  1973 | D:2      | Reached XP level 4. HP: 30/33 MP: 4/4
  2188 | D:3      | Reached skill level 1 in Armour
  2191 | D:3      | You fall into a shaft and drop 1 floor!
  2241 | D:4      | Noticed a necrophage
  2255 | D:4      | Killed a necrophage
  2256 | D:4      | Gained mutation: Your touch may inflict irresistible damage
                  | on your foes. [demonic ancestry]
  2256 | D:4      | Reached XP level 5. HP: 17/39 MP: 5/5
  2582 | D:3      | Reached skill level 4 in Long Blades
  2624 | D:3      | Reached skill level 1 in Stealth
  2645 | D:3      | Gained mutation: You are partially covered in sharp spines.
                  | [demonic ancestry]
  2645 | D:3      | Reached XP level 6. HP: 41/46 MP: 6/6
  2952 | D:3      | Found Ynuolywo's Weapon Boutique.
  3551 | D:4      | Found a staircase to the Ecumenical Temple.
  4097 | D:4      | Found a stormy altar of Qazlal.
  4190 | D:4      | Found a blossoming altar of Fedhas.
  4195 | D:4      | Reached skill level 5 in Long Blades
  4195 | D:4      | Gained mutation: You are partially covered in large bone
                  | plates. (SH +4) [demonic ancestry]
  4195 | D:4      | Reached XP level 7. HP: 48/52 MP: 7/7
  4274 | D:4      | Noticed Eustachio
  4302 | D:4      | Killed Eustachio
  4656 | Temple   | Entered the Ecumenical Temple
  4848 | Temple   | Became a worshipper of Ashenzari the Shackled
  4890 | D:5      | Entered Level 5 of the Dungeon
  5502 | D:5      | Gained mutation: You sometimes emit foul miasma when
                  | damaged in melee. [demonic ancestry]
  5502 | D:5      | Reached XP level 8. HP: 57/60 MP: 8/8
  5728 | D:6      | Noticed Edmund
  5742 | D:6      | Noticed Prince Ribbit
  5764 | D:6      | Killed Prince Ribbit
  5765 | D:6      | Reached skill level 6 in Long Blades
  5944 | D:6      | Killed Edmund
  6141 | D:6      | Found a glowing drain.
  6151 | Sewer    | Entered a sewer
  6422 | Sewer    | Reached skill level 7 in Long Blades
  6422 | Sewer    | Reached skill level 1 in Shields
  6425 | Sewer    | Reached skill level 5 in Fighting
  7050 | D:6      | Noticed Sigmund
  7055 | D:6      | Killed Sigmund
  7166 | D:6      | Identified the +8 chain mail of the Ecumenical Temple {rF++
                  | rCorr}
  7289 | D:6      | Gained mutation: You frequently emit foul miasma when
                  | damaged in melee. [demonic ancestry]
  7289 | D:6      | Reached XP level 9. HP: 68/68 MP: 9/9
  7452 | D:7      | Noticed Pikel
  7459 | D:7      | Reached skill level 5 in Dodging
  7469 | D:7      | Killed Pikel
  7470 | D:7      | Reached skill level 8 in Long Blades
  7587 | D:7      | Found a runed translucent gate.
  7588 | D:7      | Found a runed translucent gate.
  7597 | D:7      | Found a shimmering blue altar of Sif Muna.
  7598 | D:7      | Found a snail-covered altar of Cheibriados.
  7611 | D:7      | Found a runed translucent gate.
  7612 | D:7      | Noticed azobrab's ghost (novice MeFi)
  7612 | D:7      | Noticed Vadun's ghost (amateur DsFi)
  7614 | D:7      | Noticed flotson's ghost (novice DsDe)
  7619 | D:7      | Noticed Duvessa
  7619 | D:7      | Noticed Dowan
  7628 | D:7      | Killed Duvessa
  7642 | D:7      | Killed Dowan
  7658 | D:7      | Found a sparkling altar of Nemelex Xobeh.
  8562 | D:8      | Reached skill level 9 in Long Blades
  8562 | D:8      | Reached XP level 10. HP: 42/77 MP: 10/10
  8860 | D:8      | Found a basalt altar of Yredelemnul.
  9181 | D:8      | Found a staircase to the Lair.
  9284 | D:8      | Reached skill level 5 in Armour
  9480 | D:8      | Found a burning altar of Makhleb.
  9843 | D:8      | Fell from the grace of Ashenzari
  9843 | D:8      | Became a worshipper of Makhleb the Destroyer
 10082 | D:8      | Gained mutation: Your magical capacity is low. (-10% MP)
                  | [potion of mutation]
 10082 | D:8      | Gained mutation: You have a pair of small antennae on your
                  | head. [potion of mutation]
 10082 | D:8      | Gained mutation: You have supernaturally acute eyesight.
                  | (SInv) [potion of mutation]
 10455 | D:9      | Found a staircase to the Orcish Mines.
 10485 | D:9      | Reached skill level 10 in Long Blades
 10729 | D:9      | Identified the +8 quarterstaff of Precise Incision
                  | {antimagic, rElec rF+++ Str-4 Dex+3}
 10818 | D:9      | Noticed a cyclops
 10831 | D:9      | HP: 3/79 [cyclops/large rock (14)]
 10835 | D:9      | Killed a cyclops
 11183 | D:9      | Reached * piety under Makhleb
 11194 | D:9      | Gained mutation: You are mostly covered in large bone
                  | plates. (SH +6) [demonic ancestry]
 11194 | D:9      | Reached XP level 11. HP: 48/84 MP: 9/9
 11677 | D:9      | Noticed a two-headed ogre
 11695 | D:9      | Killed a two-headed ogre
 11793 | D:9      | Noticed a centaur warrior
 11878 | D:9      | Killed a centaur warrior
 12196 | D:9      | Found an ancient bone altar of Kikubaaqudgha.
 12251 | D:9      | Noticed a two-headed ogre
 12258 | D:9      | Killed a two-headed ogre
 12259 | D:9      | Reached skill level 11 in Long Blades
 12263 | D:9      | Reached ** piety under Makhleb
 12329 | D:10     | Entered Level 10 of the Dungeon
 12637 | D:10     | Found a shadowy altar of Dithmenos.
 12681 | D:10     | Noticed Maurice
 12689 | D:10     | Killed Maurice
 12866 | D:10     | Found an iron altar of Okawaru.
 12933 | D:10     | Noticed Grum
 12960 | D:10     | Killed Grum
 12961 | D:10     | Reached skill level 1 in Invocations
 12961 | D:10     | Noticed a two-headed ogre
 12971 | D:10     | Mangled by a two-headed ogre

Illustrated notes

Levels and vault maps discovered:
D:1:      minmay_arrival_four_loops, layout_basic,
          shapermc_ecumenical_altar_ellora
D:2:      layout_loops_cross, grunt_decor_one_mirror
D:3:      layout_loops_ring, serial_shops, nicolae_lakefront_shop,
          goddamned_bats
D:4:      minmay_spotlight, layout_loops_cross,
          mainiacjoe_overflow_six_doors_small, amcnicky_altar_gilded,
          temple_statues, uniq_eustachio
D:5:      layout_cave_pods
D:6:      layout_basic, portal_sewer_entry_d, uniq_edmund, uniq_prince_ribbit1,
          uniq_sigmund
D:7:      layout_cave_pools, old_standard_altar,
          gammafunk_temple_overflow_statue, gammafunk_ghost_cemetery,
          uniq_duvessa, uniq_pikel
D:8:      layout_basic, good_gods_temple_1, mainiacjoe_overflow_alcove_4,
          lemuel_tele_altar, lair_entry_dummy, special_room [special_room_orc],
          kennysheep_flooded_box
D:9:      minmay_bloctagon, layout_basic, nicolae_kikubaaqudgha_miasma_corner,
          erik_orc_1, serial_rivers, chequers_serial_rivers_small_a,
          chequers_serial_rivers_micro_e, chequers_serial_rivers_large_a,
          chequers_serial_rivers_micro_b, chequers_serial_rivers_micro_d,
          dreamdust_mushroom_princess
D:10:     layout_roguey, mainiacjoe_overflow_paths,
          mainiacjoe_overflow_24_doors, serial_shops, nicolae_take_the_stairs,
          uniq_maurice, uniq_grum
Temple:   hellmonk_temple_forest_ring

Skill      XL: |  1  2  3  4  5  6  7  8  9 10 11 |
---------------+----------------------------------+-----
Long Blades    | 3 4 5 7 9 10 11 | 11.3
Throwing       | 2 |  2.0
Dodging        | 3 4 5 6 |  6.2
Armour         | 1 2 3 4 6 8 |  8.1
Stealth        | 1 2 3 |  3.4
Fighting       | 3 4 5 6 7 8 |  8.4
Shields        | 1 2 3 4 |  4.1
Invocations    | 1 |  1.0
Evocations     | |  0.2

Action                   |  1- 3 |  4- 6 |  7- 9 | 10-12 || total
-------------------------+-------+-------+-------+-------++-------
Melee: Long sword        |    96 |   119 |   244 |   292 ||   751
       Touch             |     8 |    20 |    50 |    46 ||   124
       Punch             |     2 |       |     2 |     6 ||    10
Invok: Curse Item        |       |       |     1 |       ||     1
Evoke: Wand              |       |       |     1 |     1 ||     2
  Use: Scroll            |     2 |    10 |    10 |     8 ||    30
       Potion            |       |     2 |     2 |     7 ||    11
 Stab: Sleeping          |     1 |     5 |     6 |       ||    12
       Invisible         |       |       |     4 |       ||     4
       Confused          |       |       |       |     1 ||     1
Armor: Leather armour    |    32 |    34 |    44 |       ||   110
       Plate armour      |       |       |    10 |   164 ||   174
Dodge: Dodged            |    82 |    86 |   152 |   116 ||   436
Block: Other             |       |       |    51 |    83 ||   134
